cohdb
Replays
Latest Replays
All Replays
Popular Replays
Top Player Replays
Match Explorer
How It Works
Community
CoH3 Stats
Reddit
Sign in to upload your games and track your stats! →
Sign in with Steam
Torrente Epic tank battles!
Match 12807575
Overview
Messages
Build Orders
End
Selects Italian Combined Arms Battlegroup
Selects Bersaglieri Squad
Bersaglieri Squad
Bersaglieri Squad
Bersaglieri Squad
Construct Light Support Kompanie
Selects Bersaglieri Bolster
Fire Support Elements
Flakvierling Half-track
2.5-tonne Medical Truck
Construct Panzerarmee Kommand
Selects Breda Model 30 Light Machine Guns
Vehicle Survival Package
Panzerjäger Mechanized Group
Panzer III L Medium Tank
Selects Semovente da 75/18 Assault Gun
Panzer III L Medium Tank
Selects Strafing Run
Selects Pact of Steel
Panzer III L Medium Tank
Walking Stuka Rocket Launcher
Panzer III L Medium Tank
Strafing Run
Rapid Advance
Panzer III L Medium Tank
Strafing Run
Panzer III L Medium Tank
Panzer III L Medium Tank
Strafing Run
Flak 36 Anti-tank Gun Team
Panzer III L Medium Tank
AI Takeover
PutPut-AusarTheVile
drinu019
B L U E SKI D R OW
Enemy
0
0
Comments
sign in to comment!
No comments posted yet!